Map: Lerilak Crest

Players

NXZ

  • Race: Zerg Zerg
  • League: Grandmaster

puCK (Nina) - Winner!

  • Race: Protoss Protoss
  • League: Grandmaster

VOD

Have the link to the VOD?

Description

Time

  • Played on: Dec. 20, 2015, 4:46 a.m.
  • Length: 7:30
Show
View Real Time Build Order
Export as new Build Order

NXZ Zerg 

Build Orders: Hatch First 

Get SALT Encoding   

  12  0:01  Drone  
  13  0:13  Overlord  
  13  0:17  Drone  
  14  0:31  Drone x2  
  14  0:35  Drone  
  17  0:52  Hatchery  
  17  0:55  Drone  
  17  1:00  Drone  
  18  1:04  Extractor  
  17  1:14  Spawning Pool  
  17  1:17  Drone  
  17  1:21  Drone  
  18  1:29  Drone  
  19  1:40  Overlord  
  19  1:55  Drone  
  20  2:03  Zergling x2, Queen  
  20  2:04  Queen  
  20  2:07  Metabolic Boost  
  25  2:10  Drone  
  25  2:13  Drone  
  27  2:17  Drone  
  27  2:22  Drone  
  29  2:26  Drone  
  30  2:34  Overlord  
  30  2:44  Hatchery  
  30  2:48  Zergling x4  
  30  2:51  Zergling x2  
  32  2:55  Zergling x2  
  33  2:58  Drone  
  33  3:05  Drone  
  34  3:15  Drone x2  
  34  3:16  Drone  
  34  3:18  Drone x4  
  34  3:19  Drone  
  42  3:25  Overlord  
  42  3:31  Drone  
  43  3:36  Drone  
  43  3:38  Roach Warren  
  43  3:39  Extractor, Queen  
  44  3:46  Drone x4  
  48  3:53  Lair  
  48  3:55  Overlord  
  48  4:04  Drone x5  
  48  4:09  Overlord  
  53  4:18  Roach x4  
  53  4:21  Drone x2  
  53  4:23  Drone  
  64  4:25  Overlord  
  64  4:28  Overlord  
  64  4:37  Drone x3  
  66  4:39  Extractor  
  66  4:40  Roach x3  
  66  4:44  Overlord  
  71  4:53  Glial Reconstitution  
  71  4:55  Drone x3  
  71  4:56  Roach  
  71  4:59  Zergling x8  
  80  5:04  Zergling x6  
  83  5:08  Overlord  
  83  5:10  Ravager  
  83  5:11  Zergling x4  
  86  5:17  Ravager  
  85  5:21  Zergling x2  
  85  5:22  Zergling x4  
  85  5:25  Ravager  
  85  5:26  Zergling x16  
  96  5:31  Zergling x2  
  96  5:32  Zergling x2  
  96  5:34  Ravager  
  96  5:37  Roach  
  96  5:39  Overlord  
  96  5:42  Overlord  
  98  5:45  Roach  
  98  5:47  Roach  
  102  5:50  Spine Crawler  
  102  5:51  Spine Crawler  
  102  5:54  Roach x2  
  100  6:09  Roach  
  100  6:10  Roach x5  
  96  6:15  Roach  
  96  6:16  Roach  
  96  6:18  Roach  
  99  6:23  Roach x2  
  99  6:24  Zergling x4  
  99  6:25  Zergling x16  
  105  6:29  Zergling x2  
  98  6:35  Zergling x2  
  98  6:38  Zergling x2  
  98  6:39  Zergling x2  
  98  6:47  Roach x2  
  99  7:00  Roach x7  
  91  7:10  Roach x2  
Show
View Real Time Build Order
Export as new Build Order

puCK Protoss - Winner!

Build Orders: Nexus First 

Get SALT Encoding   

  12  0:01  Probe (Chrono Boost)  
  13  0:12  Probe (Chrono Boost)  
  14  0:18  Pylon  
  14  0:22  Probe (Chrono Boost)  
  15  0:36  Probe (Chrono Boost)  
  16  0:46  Probe (Chrono Boost)  
  17  0:56  Nexus  
  17  1:07  Gateway  
  17  1:10  Probe (Chrono Boost)  
  18  1:15  Assimilator  
  18  1:20  Probe (Chrono Boost)  
  18  1:24  Assimilator  
  19  1:31  Probe (Chrono Boost)  
  20  1:39  Pylon  
  20  1:41  Probe (Chrono Boost)  
  21  1:52  Probe (Chrono Boost)  
  22  1:57  Gateway  
  22  2:01  Cybernetics Core  
  22  2:04  Probe (Chrono Boost)  
  23  2:09  Probe (Chrono Boost)  
  23  2:14  Probe (Chrono Boost)  
  25  2:19  Probe (Chrono Boost)  
  26  2:25  Probe (Chrono Boost)  
  26  2:29  Pylon  
  27  2:30  Probe (Chrono Boost)  
  27  2:35  Probe (Chrono Boost)  
  29  2:39  Sentry (Chrono Boost)  
  29  2:40  Probe (Chrono Boost), Warp Gate  
  32  2:46  Probe (Chrono Boost)  
  32  2:49  Mothership Core (Chrono Boost)  
  35  2:57  Probe (Chrono Boost)  
  36  3:09  Probe (Chrono Boost), Robotics Facility  
  36  3:10  Probe (Chrono Boost)  
  38  3:17  Gateway  
  39  3:20  Probe x2 (Chrono Boost)  
  40  3:29  Pylon  
  40  3:30  Gateway, Probe (Chrono Boost)  
  41  3:34  Probe (Chrono Boost)  
  41  3:36  Pylon  
  41  3:38  Sentry  
  41  3:41  Probe (Chrono Boost)  
  45  3:45  Probe (Chrono Boost)  
  48  3:51  Probe (Chrono Boost)  
  48  3:53  Assimilator x2  
  48  3:57  Immortal (Chrono Boost)  
  48  3:58  Probe  
  52  4:04  Gateway  
  52  4:08  Gateway  
  52  4:12  Sentry  
  54  4:18  Gateway  
  54  4:19  Probe  
  54  4:21  Probe  
  56  4:30  Probe  
  60  4:32  Immortal (Chrono Boost)  
  60  4:33  Probe  
  62  4:40  Probe  
  62  4:42  Pylon  
  62  4:43  Pylon  
  63  4:47  Sentry  
  65  4:54  Adept x2  
  65  4:59  Pylon  
  69  5:02  Adept  
  69  5:05  Warp Prism (Chrono Boost)  
  73  5:07  Adept x2  
  73  5:13  Pylon  
  77  5:14  Adept  
  77  5:16  Adept  
  77  5:20  Adept  
  83  5:25  Pylon  
  82  5:31  Adept x3  
  88  5:38  Adept x2  
  92  5:44  Robotics Bay  
  92  6:10  Adept x3  
  94  6:22  Adept x4  
  98  6:30  Immortal (Chrono Boost)  
  102  6:34  Pylon  
  102  6:35  Probe  
  102  6:36  Pylon  
  102  6:38  Pylon  
  99  6:40  Pylon  
  99  6:42  Pylon  
  99  6:51  Adept  
  101  7:04  Adept x2  
  101  7:05  Adept  
  102  7:14  Adept x4  
  98  7:26  Stalker x3  
Tags
 
Add a new tag
Caveats
  • Supply blocks, unpowered buildings, or Contaminate may cause inaccurate times.
  • Supply counts are checked every 10 seconds.